 Dungeon Crawl Stone Soup version 0.28.0-53-g5a82cb258f (webtiles) character file.

Game seed: 10758140280916982290

16832 olmar the Cleaver (level 12, -3/82 (112) HPs)
             Began as a Deep Dwarf Fighter on Aug 17, 2022.
             Was the Champion of Ru.
             Slain by an orc knight
             ... wielding a +2 war axe of freezing
              (16 damage)
             ... on level 2 of the Orcish Mines.
             The game lasted 00:38:42 (10760 turns).

olmar the Cleaver (Deep Dwarf Fighter)             Turns: 10760, Time: 00:38:42

HP:   -3/82 (112)   AC: 27    Str: 25    XL:     12   Next: 13%
MP:   0/2           EV:  5    Int:  9    God:    Ru [******]
Gold: 1808          SH:  0    Dex: 12    Spells: 11/11 levels left

rFire   + . .      SeeInvis .   I - +1 broad axe (vorpal)
rCold   . . .      Faith    .   (shield unavailable)
rNeg    . . .      Spirit   .   f - +2 crystal plate armour
rPois   .          Reflect  .   C - +0 helmet
rElec   .          Harm     .   g - scarf {+Inv}
rCorr   .          Rampage  .   (no gloves)
Will    +....      Rage     1%  s - +0 pair of boots
Stlth   ..........              (no amulet)
HPRegen 0.00/turn               (ring unavailable)
MPRegen 0.08/turn               y - ring of protection from fire

@: exhausted, very slightly contaminated, studying Ice Magic, very heavily
drained, invisible
A: damage resistance, heal wounds, sense surroundings 2, missing a hand, no
stealth, hated by all, inability to train dodging, no regeneration, iridescent
scales 1, berserk 1, wild magic 1
a: Heal Wounds, Renounce Religion, Evoke Invisibility, Draw Out Power, Power
Leap, Apocalypse


You were on level 2 of the Orcish Mines.
You worshipped Ru.
Ru was exalted by your worship.
You visited 3 branches of the dungeon, and saw 13 of its levels.
You also visited: Ossuary, Bailey and Gauntlet.

You collected 1940 gold pieces.
You spent 132 gold pieces at shops.

Inventory:

Hand Weapons
 j - the +5 hand crossbow of Conformity {flame, +Blink}
   (You took it off a minotaur in a Gauntlet)

   Any ammunition fired from it burns those it strikes, dealing additional fire
   damage.
   +Blink:    It lets you blink.
 n - the +9 dagger of Odghutext {vorpal, Str+7 Int+3}
   (You found it in a Gauntlet)

   It inflicts extra damage upon your enemies.
   Str:       It affects your strength (+7).
   Int:       It affects your intelligence (+3).
 r - a +1 whip of flaming
 I - a +1 vorpal broad axe (weapon)
 O - a +3 war axe
Missiles
 d - 9 javelins
 v - 12 poisoned darts (quivered)
 E - 3 throwing nets
Armour
 a - a +3 chain mail of fire resistance
 b - a +1 chain mail of cold resistance
 f - a +2 crystal plate armour (worn)
 g - a scarf of invisibility (worn)
 l - a +0 plate armour of fire resistance
 s - a +0 pair of boots (worn)
 C - a +0 helmet (worn)
 M - +0 acid dragon scales
Jewellery
 e - the ring of Descent {MP+9 Str+3}
   (You found it in a Gauntlet)

   [ring of magical power]

   Str:       It affects your strength (+3).
   MP:        It affects your magic capacity (+9).
 h - a ring of protection from cold
 u - a ring of flight
 y - a ring of protection from fire (right hand)
Wands
 t - a wand of digging (4)
Scrolls
 c - a scroll of identify
 i - 2 scrolls of amnesia
 k - 2 scrolls of enchant weapon
 m - a scroll of holy word
 x - 5 scrolls of teleportation
 z - a scroll of noise
 A - 2 scrolls of silence
 H - a scroll of fog
 L - a scroll of blinking
 N - 2 scrolls of fear
Potions
 q - 3 potions of haste
 w - a potion of magic
 F - a potion of degeneration
 J - a potion of brilliance
 K - a potion of lignification
Miscellaneous
 o - a tin of tremorstones (2/2)


   Skills:
 + Level 8.4 Fighting
 + Level 14.8 Axes
 + Level 2.9 Throwing
 + Level 10.0 Armour
 + Level 6.7 Evocations


You had 11 spell levels left.
You didn't know any spells.
Your spell library contained the following spells:

 Spells                   Type           Power      Damage    Failure   Level
 Ozocubu's Armour         Ice            0%         N/A       100%        3
 Portal Projectile        Hex/Tloc       0%         N/A       100%        3
 Anguish                  Hex/Necr       0%         N/A       100%        4
 Leda's Liquefaction      Hex/Erth       0%         N/A       100%        4
 Olgreb's Toxic Radiance  Pois           0%         N/A       100%        4
 Passage of Golubria      Tloc           0%         N/A       100%        4
 Silence                  Hex/Air        0%         N/A       100%        5
 Enfeeble                 Hex            0%         N/A       100%        7
 Ozocubu's Refrigeration  Ice            0%         4d5       100%        7
 Ignition                 Fire           0%         3d3       100%        8
 Lehudib's Crystal Spear  Conj/Erth      0%         10d2      100%        8
 Call Canine Familiar     Summ           Unusable   N/A       N/A         3
 Tukima's Dance           Hex            Unusable   N/A       N/A         3

Dungeon Overview and Level Annotations

Branches:
Dungeon (10/15)            Temple (0/1) D:7            Lair (1/6) D:10
    Orc (2/2) D:9             Elf (0/3) Orc:2       Ossuary (visited)
 Bailey (visited)         Gauntlet (visited)

Altars:
Cheibriados
Dithmenos
Elyvilon
Fedhas
Ru
Vehumet
Yredelemnul
Zin
Beogh

Shops:
D:7 *(=?

Annotations:
D:3 2 runed translucent doors


Innate Abilities, Weirdness & Mutations

You are resistant to damage.
You can heal yourself by infusing magical energy.
You passively map the area around you.
You are missing a hand.
You cannot be stealthy.
You are hated by all.
You cannot train Dodging skill.
You do not regenerate.
You are partially covered in iridescent scales. (AC +2)
You tend to lose your temper in combat.
Your spells are a little harder to cast, but a little more powerful.


Message History

Unknown command.
Okay, then.
You are restored by drawing out deep reserves of power within.
You feel drained.
Unknown command.
You feel drained.
You fade into invisibility!
You are very lightly contaminated with residual magic.
The orc knight hits you with a +2 war axe of freezing!
The orc knight freezes you.
You focus your inner power and blind the orc knight in retribution!
Unknown command.
Unknown command.
You hit the orc knight but do no damage.
The orc knight is moderately wounded.
The orc knight hits you with a +2 war axe of freezing.
The orc knight freezes you.
Unknown command.
You slash the orc knight!
The orc knight is heavily wounded.
Unknown command.
You strike the helpless orc knight from behind!
You hit the orc knight but do no damage.
The orc knight is heavily wounded.
Unknown command.
The orc knight hits you with a +2 war axe of freezing!!
* * * LOW HITPOINT WARNING * * *
The orc knight freezes you.
You strike the helpless orc knight from behind!
You slash the orc knight!
The orc knight is severely wounded.
The orc knight hits you with a +2 war axe of freezing!
* * * LOW HITPOINT WARNING * * *
The orc knight freezes you.
* * * LOW HITPOINT WARNING * * *
Unknown command.
You hit the orc knight.
The orc knight is severely wounded.
The orc knight hits you with a +2 war axe of freezing!!
You die...

#.............)...#
#............##...#
#...............##
##............#..##
.##.#...............#
....................#
.##................##
.#.....#...........##
#...............@...#
##.#...#.........o.##
####...#..........<#
###................##
.#..................#
.>#.................#
.####..#...)........#
##.................##
#.................##


You could see an orc knight (blind, poisoned).

Vanquished Creatures
  A minotaur (Gauntlet)
  Snorg (D:10)
  2 two-headed ogres
  An orc high priest (Orc:2)
  Sonja (D:10)
  An obsidian statue (Gauntlet)
  2 orc knights
  Pikel (D:4)
  An orc sorcerer (Orc:2)
  A deep elf zephyrmancer (Bailey)
  Maurice (Orc:2)
  Maggie (D:7)
  A torpor snail (Gauntlet)
  A troll (Orc:2)
  Sigmund (D:4)
  A shadow (D:10)
  2 wyverns
  8 yaks
  A steam dragon (D:8)
  2 wargs (D:10)
  Menkaure (D:4)
  2 acid dragons
  27 orc warriors
  An ice beast (D:6)
  4 black bears
  2 lemures (D:4)
  6 ogres
  4 small abominations (Gauntlet)
  2 centaurs
  A kobold brigand (D:9)
  An elf zombie (Ossuary)
  2 bullfrogs (D:8)
  A gnoll sergeant (D:9)
  A wyvern zombie (D:8)
  8 wights (D:9)
  6 howler monkeys
  4 human zombies (Ossuary)
  5 centaur zombies
  A gnoll shaman (D:6)
  A centaur skeleton (D:5)
  35 orc priests
  Ijyb (D:3)
  Terence (D:3)
  2 bullfrog skeletons (D:5)
  2 iguanas (D:4)
  18 orc wizards
  4 hound skeletons
  2 mummies (Ossuary)
  A howler monkey zombie (D:10)
  5 adders
  10 gnolls
  A shadow imp (D:5)
  An ufetubus (D:4)
  An adder zombie (Ossuary)
  3 worms (D:2)
  A dart slug (D:4)
  76 orcs
  9 endoplasms
  7 giant cockroaches
  13 goblins
  8 hobgoblins
  5 jackals (D:2)
  11 kobolds
  3 quokkas
  12 ball pythons
  7 bats
  3 frilled lizards
  11 hobgoblin zombies (Ossuary)
  A jackal zombie (Ossuary)
  5 kobold zombies (Ossuary)
  10 orc zombies (Ossuary)
  5 rats
  2 rat zombies (Ossuary)
387 creatures vanquished.

Vanquished Creatures (others)
  A warg (Orc:1)
  3 orc warriors
  A howler monkey (D:10)
  2 orc wizards (Orc:1)
  2 orcs
  8 fungi (D:4)
  7 plants
24 creatures vanquished.

Grand Total: 411 creatures vanquished

Notes
Turn   | Place    | Note
-------+----------+-------------------------------------------
     0 | D:1      | olmar the Deep Dwarf Fighter began the quest for the Orb.
     0 | D:1      | Reached XP level 1. HP: 20/20 MP: 1/1
   125 | D:1      | Reached XP level 2. HP: 20/27 MP: 2/2
   568 | D:1      | Found a faded altar of an unknown god.
   715 | D:1      | Reached XP level 3. HP: 20/34 MP: 3/3
   760 | D:2      | Reached skill level 3 in Axes
   915 | D:2      | Reached XP level 4. HP: 40/42 MP: 3/3
  1153 | D:2      | Reached skill level 4 in Axes
  1607 | D:3      | Found a large runed translucent door.
  1608 | D:3      | Found a large runed translucent door.
  2005 | D:3      | Found a sacrificial altar of Ru.
  2030 | D:3      | Noticed Ijyb
  2046 | D:3      | Killed Ijyb
  2047 | D:3      | Reached XP level 5. HP: 32/49 MP: 4/4
  2054 | D:3      | Became a worshipper of Ru the Awakened
  2232 | D:3      | Noticed Terence
  2243 | D:3      | Killed Terence
  2367 | D:3      | Found a glowing silver altar of Zin.
  2592 | D:4      | Noticed a lemure
  2592 | D:4      | Noticed a lemure
  2592 | D:4      | Noticed a lemure
  2592 | D:4      | Noticed a lemure
  2592 | D:4      | Noticed Pikel
  2602 | D:4      | Killed a lemure
  2606 | D:4      | Killed Pikel
  2606 | D:4      | Killed a lemure
  2607 | D:4      | Reached skill level 6 in Axes
  2607 | D:4      | Reached skill level 5 in Armour
  2607 | D:4      | Reached skill level 1 in Evocations
  2607 | D:4      | Reached XP level 6. HP: 41/57 MP: 5/5
  2607 | D:4      | Reached XP level 7. HP: 46/64 MP: 6/6
  2609 | D:4      | Found a white marble altar of Elyvilon.
  2634 | D:4      | Found a basalt altar of Yredelemnul.
  2861 | D:4      | Noticed Sigmund
  2873 | D:4      | Killed Sigmund
  2874 | D:4      | Reached skill level 7 in Axes
  3012 | D:4      | Reached XP level 8. HP: 20/73 MP: 7/7
  3143 | D:4      | Found a blossoming altar of Fedhas.
  3164 | D:4      | Noticed Menkaure
  3177 | D:4      | Killed Menkaure
  3266 | D:4      | Found a radiant altar of Vehumet.
  3344 | D:5      | Entered Level 5 of the Dungeon
  3412 | D:5      | Reached skill level 8 in Axes
  3429 | D:5      | Found a sand-covered staircase.
  3436 | Ossuary  | Entered an ossuary
  3561 | Ossuary  | Reached skill level 5 in Fighting
  3714 | Ossuary  | Gained mutation: You cannot train Dodging skill. [Ru
                  | sacrifice]
  3714 | Ossuary  | Reached * piety under Ru
  4051 | D:5      | Reached skill level 9 in Axes
  4481 | D:6      | Gained mutation: You passively map the area around you.
                  | [Deep Dwarf growth]
  4481 | D:6      | Reached XP level 9. HP: 41/79 MP: 7/7
  4987 | D:7      | Reached skill level 10 in Axes
  4988 | D:7      | Found Ofoch's Weapon Shoppe.
  5031 | D:7      | Found Yhavutie's Magic Scroll Shop.
  5061 | D:7      | Bought a scroll of blinking for 90 gold pieces
  5061 | D:7      | Bought a scroll of fear for 42 gold pieces
  5085 | D:7      | Noticed a two-headed ogre
  5100 | D:7      | Killed a two-headed ogre
  5141 | D:7      | Noticed Maggie
  5160 | D:7      | Killed Maggie
  5173 | D:7      | Reached skill level 11 in Axes
  5277 | D:7      | Found a staircase to the Ecumenical Temple.
  5367 | D:7      | Found Ykhiel's Jewellery Emporium.
  5592 | D:7      | Found Pitikilu's Assorted Antiques.
  5846 | D:8      | Reached skill level 5 in Evocations
  5890 | D:8      | Reached skill level 5 in Shields
  5976 | D:8      | Noticed a two-headed ogre
  5991 | D:8      | Reached XP level 10. HP: 61/84 MP: 6/8
  6012 | D:8      | Killed a two-headed ogre
  6026 | D:8      | Gained mutation: You are missing a hand. [Ru sacrifice]
  6026 | D:8      | Reached ** piety under Ru
  6026 | D:8      | Reached *** piety under Ru
  6026 | D:8      | Reached **** piety under Ru
  6376 | D:9      | Found a flagged portal.
  6395 | Bailey   | Entered a bailey
  6506 | Bailey   | Reached skill level 12 in Axes
  6526 | Bailey   | Noticed an orc knight
  6560 | Bailey   | Killed an orc knight
  6610 | Bailey   | Found a large runed translucent door.
  6610 | Bailey   | Found a large runed translucent door.
  6611 | Bailey   | Noticed a deep elf zephyrmancer
  6631 | Bailey   | Killed a deep elf zephyrmancer
  7596 | D:9      | Reached skill level 1 in Throwing
  7624 | D:9      | Found a staircase to the Orcish Mines.
  7775 | D:10     | Entered Level 10 of the Dungeon
  7927 | D:10     | Reached XP level 11. HP: 46/78 MP: 3/3
  7956 | D:10     | Found a staircase to the Lair.
  7987 | D:10     | Noticed Snorg
  7993 | D:10     | Noticed Sonja
  7998 | D:10     | Killed Sonja
  7999 | D:10     | Reached skill level 13 in Axes
  8011 | D:10     | Killed Snorg
  8394 | D:10     | Found a snail-covered altar of Cheibriados.
  8563 | D:10     | Found a shadowy altar of Dithmenos.
  8607 | Lair:1   | Entered Level 1 of the Lair of Beasts
  8607 | Lair:1   | Noticed a six-headed hydra
  8645 | Orc:1    | Entered Level 1 of the Orcish Mines
  8809 | Orc:1    | Gained mutation: You are hated by all. [Ru sacrifice]
  8809 | Orc:1    | Reached ***** piety under Ru
  9376 | Orc:2    | Entered Level 2 of the Orcish Mines
  9376 | Orc:2    | Noticed Maurice
  9388 | Orc:2    | Killed Maurice
  9409 | Orc:2    | Reached skill level 1 in Stealth
  9415 | Orc:2    | Reached skill level 14 in Axes
  9416 | Orc:2    | Noticed an orc sorcerer
  9434 | Orc:2    | Killed an orc sorcerer
  9444 | Orc:2    | Noticed an orc high priest
  9458 | Orc:2    | Noticed a sun demon
  9458 | Orc:2    | Killed an orc high priest
  9479 | Orc:2    | Identified a scroll of acquirement
  9479 | Orc:2    | Acquired 704 gold pieces
  9493 | Orc:2    | Found a gate leading to a gauntlet.
  9503 | Gauntlet | Entered a Gauntlet
  9503 | Gauntlet | Found a transporter.
  9503 | Gauntlet | Found a transporter.
  9503 | Gauntlet | Found a transporter.
  9504 | Gauntlet | Found a transporter.
  9504 | Gauntlet | Noticed a tengu warrior
  9505 | Gauntlet | Found a transporter.
  9508 | Gauntlet | Found a transporter.
  9518 | Gauntlet | Found a transporter.
  9519 | Gauntlet | Found a transporter.
  9521 | Gauntlet | Found a transporter.
  9522 | Gauntlet | Found a transporter.
  9523 | Gauntlet | Noticed an oklob plant
  9525 | Gauntlet | Found a runed translucent door.
  9526 | Gauntlet | Noticed an obsidian statue
  9527 | Gauntlet | Found a runed translucent door.
  9533 | Gauntlet | Found a transporter.
  9535 | Gauntlet | Found a transporter.
  9566 | Gauntlet | Noticed a death drake
  9808 | Gauntlet | Gained mutation: You are partially covered in iridescent
                  | scales. (AC +2) [potion of mutation]
  9808 | Gauntlet | Gained mutation: You tend to lose your temper in combat.
                  | [potion of mutation]
  9808 | Gauntlet | Gained mutation: Your spells are a little harder to cast,
                  | but a little more powerful. [potion of mutation]
  9851 | Gauntlet | Noticed a sixfirhy
  9858 | Gauntlet | Killed an obsidian statue
  9861 | Gauntlet | Identified the ring of Descent {MP+9 Str+3}
  9975 | Gauntlet | Identified the +5 hand crossbow of Conformity {flame,
                  | +Blink}
  9975 | Gauntlet | Noticed a minotaur
  9989 | Gauntlet | Killed a minotaur
  9993 | Gauntlet | Identified the +9 dagger of Odghutext {vorpal, Str+7 Int+3}
 10030 | Orc:2    | Reached XP level 12. HP: 58/111 MP: 2/2
 10038 | Orc:2    | Found a staircase to the Elven Halls.
 10066 | Orc:2    | Reached skill level 5 in Stealth
 10164 | Orc:2    | Gained mutation: You cannot be stealthy. [Ru sacrifice]
 10164 | Orc:2    | Reached ****** piety under Ru
 10367 | Orc:2    | Reached skill level 10 in Armour
 10760 | Orc:2    | Slain by an orc knight

Illustrated notes

Levels and vault maps discovered:
D:1:      minmay_arrival_floating_metal, layout_rooms,
          dilly_ecumenical_altar_fadedgnrine
D:2:      layout_basic, chequers_serial_rivers_marsh, minmay_goblin_outpost
D:3:      layout_loops_corners, mainiacjoe_overflow_24_doors, zin_scriptorium,
          jmf_multi_god_temple2, nicolae_concentric_dashed_squares_mild,
          small_statue_intersection, chequers_serial_rivers_room_a,
          amcnicky_mini_pool_small, grunt_decor_one_mirror, uniq_terence,
          uniq_ijyb
D:4:      layout_cave_pools, mainiacjoe_overflow_cross_hatched,
          mainiacjoe_overflow_catwalk_spiral, mainiacjoe_overflow_boulevard,
          minmay_manual_macuahuitl, uniq_sigmund, uniq_menkaure, uniq_pikel
D:5:      layout_loops_ring, enter_ossuary_1, st_stairs_6
D:6:      layout_rooms
D:7:      layout_basic, lemuel_temple_firewalk_b, serial_shops,
          nicolae_shop_hallway_plus, shop, nicolae_shop_hallway_stairs,
          nicolae_shop_waterfront, uniq_maggie
D:8:      layout_basic, chequers_mini_garden
D:9:      layout_roguey, david_orc_2, enter_bailey_5, minivault_11,
          chequers_decorated_corner
D:10:     layout_loops_ring, mainiacjoe_overflow_big_doors,
          erik_lair_orcish_takeover, uniq_sonja, uniq_snorg
Lair:1:   layout_cave_pods, beast_lair_carwin_8
Orc:1:    layout_diamond_mine
Orc:2:    st_orc_pillars, layout_caves, gauntlet_entry_generic,
          kennysheep_orc_chapel, uniq_maurice

Skill      XL: |  1  2  3  4  5  6  7  8  9 10 11 12 |
---------------+-------------------------------------+-----
Fighting       | 3 4 5 6 7 8 |  8.4
Axes           | 3 4 6 7 9 11 12 14 | 14.8
Armour         | 4 5 6 7 9 10 | 10.0
Evocations     | 1 5 6 |  6.7
Shields        | 4 5 0 |  0.0
Throwing       | 1 2 |  2.9
Stealth        | 4 0 |  0.0

Action                   |  1- 3 |  4- 6 |  7- 9 | 10-12 || total
-------------------------+-------+-------+-------+-------++-------
Melee: War axe           |   110 |   114 |   288 |       ||   512
       Broad axe         |       |       |    44 |   586 ||   630
Throw: Dart              |       |       |       |    50 ||    50
       Javelin           |       |       |       |    14 ||    14
       Throwing net      |       |       |       |     4 ||     4
Invok: Sacrifice Nimblen |       |       |     1 |       ||     1
       Draw Out Power    |       |       |       |    15 ||    15
       Sacrifice a Hand  |       |       |       |     1 ||     1
       Sacrifice Love    |       |       |       |     1 ||     1
       Sacrifice Stealth |       |       |       |     1 ||     1
 Abil: Heal Wounds       |     1 |     2 |    17 |    28 ||    48
       Evoke Invisibilit |       |     1 |     5 |     8 ||    14
Evoke: Wand              |       |       |    34 |    10 ||    44
  Use: Potion            |       |     2 |     1 |    24 ||    27
       Scroll            |       |     1 |     5 |    11 ||    17
 Stab: Invisible         |       |     1 |     8 |    56 ||    65
       Distracted        |       |       |     1 |     3 ||     4
       Paralysed         |       |       |       |    13 ||    13
       Held in net/web   |       |       |       |     2 ||     2
       Confused          |       |       |       |     1 ||     1
Armor: Scale mail        |    39 |       |       |       ||    39
       Plate armour      |    24 |    90 |   166 |       ||   280
       Acid dragon scale |       |       |    17 |    20 ||    37
       Crystal plate arm |       |       |       |   275 ||   275
       Skin              |       |       |       |    28 ||    28
Dodge: Dodged            |    50 |    36 |   107 |   151 ||   344
Block: Buckler           |    29 |    25 |    82 |     1 ||   137
